 Dungeon Crawl Stone Soup version 0.26-a0-651-gb41185065b (webtiles) character file.

Game seed: 18267988537453139994

307 dracos369 the Skirmisher (level 6, 0/49 HPs)
             Began as a Demonspawn Wanderer on Oct 18, 2020.
             Slain by a sky beast (5 damage)
             ... on level 5 of the Dungeon.
             The game lasted 00:11:27 (5542 turns).

dracos369 the Skirmisher (Demonspawn Wanderer)      Turns: 5542, Time: 00:11:27

Health: 0/49       AC:  5    Str: 16    XL:     6   Next: 16%
Magic:  0/6        EV: 13    Int: 12    God:
Gold:   145        SH:  6    Dex: 12    Spells: 5/5 levels left

rFire    + . .     SeeInvis .     - Unarmed
rCold    . . .     Faith    .   (no shield)
rNeg     . . .     Spirit   +   u - +0 leather armour {rPois}
rPois    +         Reflect  .   o - +0 helmet
rElec    .         Harm     .   j - scarf {repulsion}
rCorr    .         Rampage  .   (no gloves)
MR       .....                  k - +0 pair of boots
Stlth    ++........             m - amulet of guardian spirit
HPRegen  0.16/turn              v - ring of protection from fire
MPRegen  0.10/turn              (no ring)

@: repel missiles
A: claws 2, large bone plates 2, powered by pain 1
a: no special abilities


You were on level 5 of the Dungeon.
You visited 1 branch of the dungeon, and saw 5 of its levels.

You collected 145 gold pieces.

Inventory:

Missiles
 s - 4 boomerangs (quivered)
 t - 4 boomerangs of dispersal
Armour
 e - a +0 robe
 j - a scarf of repulsion (worn)
 k - a +0 pair of boots (worn)
 o - a +0 helmet (worn)
 u - a +0 leather armour of poison resistance (worn)
Jewellery
 m - an amulet of guardian spirit (around neck)
 v - a ring of protection from fire (left claw)
Wands
 x - a wand of digging (4)
Scrolls
 a - 2 scrolls of teleportation {unknown}
 b - 2 scrolls of fear
 d - 3 scrolls of fog {unknown}
 f - 2 scrolls of blinking
 g - 3 scrolls of enchant weapon {unknown}
 h - 7 scrolls of identify {unknown}
 i - a scroll of remove curse {unknown}
 p - a scroll of magic mapping {unknown}
Potions
 c - a potion of curing
 l - a potion of brilliance {unknown}
 n - 2 potions of lignification
 q - a potion of degeneration {unknown}
 r - a potion of haste
 w - a potion of stabbing {unknown}


   Skills:
 - Level 4.5 Fighting
 - Level 1.0 Armour
 + Level 3.6 Dodging
 - Level 2.6 Stealth
 * Level 4.0 Unarmed Combat


You had 5 spell levels left.
You didn't know any spells.
Your spell library contained the following spells:

 Spells                   Type           Power        Failure   Level
 Sandblast                Erth           #.....       38%         1
 Passwall                 Tmut/Erth      #.......     52%         2
 Stone Arrow              Conj/Erth      #.....       77%         3
 Petrify                  Tmut/Erth      #.......     99%         4
 Lee's Rapid Deconstruct  Erth           #.........   100%        5


Dungeon Overview and Level Annotations

Branches:
Dungeon (5/15)
 Temple: D:4-7

Altars:


Innate Abilities, Weirdness & Mutations

You have very sharp fingernails.
You are mostly covered in large bone plates. (SH +6)
You sometimes gain a little power by taking damage.


Message History

You barely miss something. Something barely misses you.
You scratch something. Something hits you but does no damage.
You miss something. Something hits you but does no damage.
You closely miss something. Something hits you. Something shocks you.
You closely miss something. Something barely misses you.
You miss something. Something hits you. Something shocks you.
* * * LOW HITPOINT WARNING * * *
You feel better. Something hits you. Something shocks you.
You barely miss something. Something hits you.
* * * LOW HITPOINT WARNING * * *
Something shocks you.
* * * LOW HITPOINT WARNING * * *
A sky beast appears from thin air!
Reactivating autopickup.
You scratch the sky beast but do no damage.
The sky beast is heavily wounded.
The sky beast hits you.
* * * LOW HITPOINT WARNING * * *
The sky beast shocks you.
You die...

#### #.#.#####..##
...###...........#
.#........#####..#
..<######## #..#
..## #..# ..# #..#
#.# #..# #.# #..#
#.# #.@# #.# #.Y#
#.# #..#
#......§§.....#
#.####..≈...###
#.####.# #.# # #.#
#.#


You could see a sky beast.

Vanquished Creatures
  A scorpion (D:4)
  A bullfrog skeleton (D:2)
  Robin (D:2)
  3 gnolls (D:3)
  4 adders
  A shadow imp (D:5)
  A white imp (D:5)
  An ooze (D:3)
  An adder skeleton (D:5)
  4 worms
  3 dart slugs
  3 leopard geckos
  9 orcs (D:3)
  2 giant cockroaches
  15 goblins
  12 hobgoblins
  9 jackals
  2 quokkas
  2 ball pythons
  12 bats
  2 frilled lizards
  12 kobolds
  6 rats
  A bush (D:2)
108 creatures vanquished.

Notes
Turn   | Place    | Note
-------+----------+-------------------------------------------
     0 | D:1      | dracos369 the Demonspawn Wanderer began the quest for the
                  | Orb.
     0 | D:1      | dracos369 set off with the following items: a +0 club, a
                  | scroll of fear, a potion of curing, a potion of
                  | lignification, a +0 robe, a scroll of blinking, a +0 dagger
     0 | D:1      | Reached XP level 1. HP: 16/16 MP: 1/1
    49 | D:1      | Reached skill level 1 in Dodging
    49 | D:1      | Gained mutation: You are partially covered in large bone
                  | plates. (SH +4) [demonic ancestry]
    49 | D:1      | Reached XP level 2. HP: 5/23 MP: 2/2
  1132 | D:2      | Gained mutation: You sometimes gain a little power by
                  | taking damage. [demonic ancestry]
  1132 | D:2      | Reached XP level 3. HP: 24/28 MP: 3/3
  1672 | D:2      | Noticed Robin
  1998 | D:2      | Gained mutation: You have sharp fingernails. [demonic
                  | ancestry]
  1998 | D:2      | Reached XP level 4. HP: 34/35 MP: 4/4
  2222 | D:2      | Killed Robin
  3118 | D:3      | Gained mutation: You are mostly covered in large bone
                  | plates. (SH +6) [demonic ancestry]
  3118 | D:3      | Reached XP level 5. HP: 24/42 MP: 2/5
  5139 | D:4      | Gained mutation: You have very sharp fingernails. [demonic
                  | ancestry]
  5139 | D:4      | Reached XP level 6. HP: 44/49 MP: 4/6
  5339 | D:5      | Entered Level 5 of the Dungeon
  5517 | D:5      | Noticed a sky beast
  5542 | D:5      | Slain by a sky beast

Illustrated notes

Levels and vault maps discovered:
D:1:      zelgadis_glass_arrival_small, layout_rooms
D:2:      layout_loops_ring, minmay_hedge_maze, dk_vineyard_2, uniq_robin
D:3:      layout_loops_corners
D:4:      layout_cave_pods
D:5:      layout_loops_ring, patterned_corridor, uniq_ijyb

Skill      XL: |  1  2  3  4  5  6 |
---------------+-------------------+-----
Dodging        | 1 2 3 |  3.6
Fighting       | 3 4 |  4.5
Unarmed Combat | 4 |  4.0
Armour         | |  1.0
Stealth        | |  2.6

Action                   |  1- 3 |  4- 6 || total
-------------------------+-------+-------++-------
Melee: Club              |    20 |       ||    20
       Short sword       |   112 |   396 ||   508
       Unarmed           |    14 |    54 ||    68
       Dagger            |     6 |       ||     6
       Punch             |       |    13 ||    13
Throw: Boomerang         |       |     4 ||     4
  Use: Potion            |     1 |     2 ||     3
 Stab: Sleeping          |     4 |     3 ||     7
       Distracted        |       |     1 ||     1
Armor: Robe              |    29 |    25 ||    54
       Skin              |    13 |       ||    13
       Leather armour    |       |     3 ||     3
Dodge: Dodged            |    62 |   125 ||   187
       Repelled          |       |     1 ||     1
Block: Other             |    21 |    45 ||    66

Table legend: (Time is in decaauts)
 A = Elapsed time spent in this place.
 B = Non-inter-level travel time spent in this place.
 C = Inter-level travel time spent in this place.
 D = Time resting spent in this place.
 E = Time spent auto-exploring this place.
 F = Levels seen in this place.
 G = Mean time per level.
                   A        B        C        D        E       F      G
               +--------+--------+--------+--------+--------+-----+--------+
         Total |   5414 |   5243 |    171 |   1181 |   3117 |   5 | 1082.8 |
       Dungeon |   5414 |   5243 |    171 |   1181 |   3117 |   5 | 1082.8 |
               +--------+--------+--------+--------+--------+-----+--------+

Top non-repeatable levels by time:
     D:1: 1589 daAuts
     D:3: 1441 daAuts
     D:2: 1441 daAuts
     D:4: 795 daAuts
     D:5: 145 daAuts
